AoeStats
← El Travieso Scott

Arena

507664021Analyzed
4v4 RM · 13d ago on Sep 19, 2026· 52m 58s· 8 players
Game mode
Random Map
Map size
Large (8 player)
Population
200
Speed
Normal
Resources
Standard
Victory
Conquest
Starting age
Dark Age
Ending age
Imperial Age
RankedLock teamsTeams togetherTeam positionsShared explorationLock speedFull tech treeHidden civsTurbo modeCheats
Victory
Defeat
931
+12
🇨🇳 Ethiopians · China
913
+13
🇵🇪 Celts · Peru
907
+13
🇭🇰 Britons · Hong Kong SAR China
897
+13
🇨🇳 Britons · China
870
-13
🇨🇳 Persians · China
860
-14
🇨🇳 Celts · China
821
-12
🇩🇰 Poles · Denmark
819
-12
Garloc
1:00 Loom
15:22 Feudal Age
15:59 Horse Collar
16:06 Double-Bit Axe
17:00 Wheelbarrow
21:38 Castle Age
21:54 Bloodlines
23:29 Light Cavalry
24:27 Husbandry
24:57 Heavy Plow
28:11 Scale Barding Armor
29:22 Fletching
31:22 Hand Cart
31:23 Bow Saw
31:15 Gold Mining
32:57 Stone Mining
33:30 Fortified Wall
33:42 Ballistics
33:33 Masonry
33:05 Treadmill Crane
35:31 Murder Holes
35:42 Caravan
36:03 Forging
36:14 Chain Barding Armor
35:55 Padded Archer Armor
35:51 Bodkin Arrow
35:57 Scale Mail Armor
37:28 Szlachta Privileges
41:13 Imperial Age
38:35 Town Watch
40:10 Thumb Ring
41:55 Town Patrol
41:21 Cavalier
41:22 Winged Hussar
42:27 Conscription
42:34 Lechitic Legacy
48:23 Chemistry
47:29 Siege Engineers
48:02 Iron Casting
47:28 Bracer
47:44 Leather Archer Armor
47:45 Chain Mail Armor
高老头子
10:47 Feudal Age
12:42 Loom
15:35 Castle Age
13:36 Double-Bit Axe
22:00 Bow Saw
22:57 Wheelbarrow
24:51 Horse Collar
29:05 Imperial Age
27:47 Heavy Plow
27:52 Gold Mining
27:53 Stone Mining
28:13 Fletching
28:23 Padded Archer Armor
28:51 Bodkin Arrow
30:07 Gold Shaft Mining
29:35 Murder Holes
30:38 Conscription
32:15 Chemistry
31:26 Padded Archer Armor
33:47 Two-Man Saw
33:48 Squires
34:45 Hand Cart
34:19 Elite Longbowman
35:21 Yeomen
35:57 Leather Archer Armor
37:57 Warwolf
38:06 Bracer
39:20 Onager
42:08 Ring Archer Armor
阿土仔
0:32 Loom
15:28 Feudal Age
20:26 Double-Bit Axe
21:18 Wheelbarrow
20:28 Town Watch
20:24 Horse Collar
20:37 Gold Mining
20:37 Stone Mining
21:46 Padded Archer Armor
21:57 Forging
21:53 Scale Barding Armor
21:38 Fletching
24:08 Castle Age
25:06 Hand Cart
24:52 Town Patrol
24:55 Heavy Plow
25:33 Gold Shaft Mining
25:46 Bow Saw
26:22 Stone Shaft Mining
29:43 Leather Archer Armor
29:23 Bodkin Arrow
36:26 Imperial Age
34:47 Kamandaran
35:23 Husbandry
35:33 Bloodlines
36:32 Chain Barding Armor
36:48 Iron Casting
36:09 Bodkin Arrow
37:10 Conscription
37:39 Crop Rotation
37:55 Plate Barding Armor
38:29 Two-Man Saw
39:30 Chemistry
38:50 Ballistics
38:44 Elite War Elephant
41:37 Caravan
44:36 Blast Furnace
44:06 Ring Archer Armor
43:49 Masonry
44:00 Ballistics
45:06 Architecture
46:09 Hoardings
45:59 Citadels
47:19 Devotion
52:28 Thumb Ring
Nick76Luo
10:22 Feudal Age
14:34 Castle Age
12:34 Horse Collar
13:09 Double-Bit Axe
15:49 Bow Saw
17:36 Heavy Plow
20:15 Gold Mining
21:30 Fortified Wall
23:03 Masonry
22:57 Stone Mining
23:57 Fletching
24:49 Gold Shaft Mining
25:33 Bodkin Arrow
26:24 Stone Shaft Mining
27:07 Wheelbarrow
26:20 Town Watch
26:23 Loom
30:21 Imperial Age
29:24 Hand Cart
30:38 Forging
30:28 Scale Mail Armor
30:28 Treadmill Crane
31:09 Ballistics
30:29 Capped Ram
30:30 Heavy Scorpion
31:08 Onager
33:14 Furor Celtica
33:24 Conscription
32:49 Pikeman
33:15 Arson
33:25 Siege Ram
35:23 Iron Casting
35:04 Chain Mail Armor
39:05 Blast Furnace
38:35 Plate Mail Armor
37:50 Halberdier
38:47 Stronghold
38:37 Siege Onager
48:54 Siege Engineers
49:52 Chemistry
49:01 Scale Barding Armor
52:30 Town Patrol
聖君阿耀
0:34 Loom
12:59 Feudal Age
14:53 Wheelbarrow
17:59 Castle Age
16:11 Double-Bit Axe
16:19 Horse Collar
16:58 Fletching
19:41 Bow Saw
19:49 Gold Mining
26:15 Heavy Plow
27:11 Stone Mining
27:57 Padded Archer Armor
29:25 Bodkin Arrow
29:32 Squires
29:21 Town Watch
30:17 Hand Cart
30:10 Arson
31:07 Gold Shaft Mining
32:28 Murder Holes
33:57 Yeomen
36:25 Imperial Age
37:07 Ballistics
36:57 Town Patrol
36:29 Elite Longbowman
37:30 Conscription
38:15 Chemistry
37:32 Bracer
37:48 Leather Archer Armor
38:20 Caravan
39:26 Warwolf
41:56 Two-Man Saw
43:15 Ring Archer Armor
43:22 Coinage
46:06 Hoardings
46:04 Banking
45:45 Guilds
45:51 Forging
45:46 Scale Barding Armor
626464865
10:32 Feudal Age
14:31 Castle Age
12:28 Loom
12:53 Double-Bit Axe
13:45 Horse Collar
14:05 Gold Mining
14:49 Crossbowman
15:27 Fletching
21:34 Wheelbarrow
22:17 Bow Saw
24:32 Hand Cart
24:21 Heavy Plow
25:06 Bodkin Arrow
25:50 Padded Archer Armor
27:25 Ballistics
28:01 Gold Shaft Mining
29:10 Leather Archer Armor
31:03 Squires
31:10 Stone Mining
34:26 Imperial Age
32:29 Thumb Ring
33:48 Stone Shaft Mining
33:21 Elite Skirmisher
34:10 Scale Mail Armor
34:20 Forging
34:00 Town Watch
34:28 Arbalester
35:11 Bracer
35:42 Ring Archer Armor
36:40 Chemistry
42:15 Iron Casting
41:55 Chain Mail Armor
43:05 Murder Holes
43:37 Conscription
45:09 Halberdier
46:22 Plate Mail Armor
46:53 Blast Furnace
49:12 Fortified Wall
51:13 Two-Man Saw
瘦死的骆驼比马大
11:29 Feudal Age
16:07 Castle Age
15:14 Double-Bit Axe
15:11 Horse Collar
17:31 Bow Saw
20:33 Heavy Plow
23:38 Wheelbarrow
28:33 Imperial Age
27:36 Loom
27:57 Scale Mail Armor
28:08 Forging
27:39 Pikeman
28:19 Squires
30:30 Two-Man Saw
28:59 Halberdier
32:28 Chemistry
31:48 Chain Mail Armor
32:09 Iron Casting
33:03 Conscription
33:59 Plate Mail Armor
34:30 Blast Furnace
34:57 Fletching
35:07 Padded Archer Armor
35:29 Ballistics
35:32 Bombard Tower
37:45 Bodkin Arrow
38:07 Masonry
38:15 Houfnice
44:33 Wagenburg Tactics
53:36 Hand Cart
53:08 Town Watch
El Travieso Scott
11:05 Feudal Age
13:49 Loom
16:30 Castle Age
14:27 Double-Bit Axe
14:37 Gold Mining
15:11 Horse Collar
18:15 Fervor
22:33 Wheelbarrow
28:37 Imperial Age
26:46 Gold Shaft Mining
26:03 Stone Mining
26:07 Fletching
26:17 Padded Archer Armor
26:23 Murder Holes
25:57 Pikeman
26:22 Gambesons
27:33 Bow Saw
28:17 Heavy Plow
28:34 Forging
29:54 Iron Casting
29:20 Scale Mail Armor
31:07 Halberdier
32:29 Gambesons
32:43 Arson
33:03 Scale Mail Armor
34:17 Treadmill Crane
35:39 Blast Furnace
37:02 Conscription
37:37 Capped Ram
38:41 Furor Celtica
39:36 Chemistry
40:04 Hand Cart
41:53 Siege Ram
43:19 Caravan
43:20 Heavy Scorpion
45:58 Chain Mail Armor
45:54 Siege Engineers
46:10 Ballistics
45:43 Heated Shot
46:04 Masonry
48:57 Plate Mail Armor
48:24 Bodkin Arrow
Connection lost

Rejoining the realm…

Still unreachable

The connection could not be restored.

Session expired

The server has moved on; the page needs a fresh start.